[Event "*** Titled Tuesday Blitz"]
[Site "Chess.com"]
[Date "2020.04.14"]
[Round "7"]
[White "Rish_97"]
[Black "Witaliss"]
[Result "1-0"]
[WhiteElo "2600"]
[BlackElo "2417"]
[TimeControl "180+1"]
[EndTime "11:14:14 PDT"]
[Termination "Rish_97 won on time"]

1. e4 c6 2. d4 d5 3. e5 Bf5 4.
Nf3 e6 5. Be2 Nd7 6. c3 Ne7 7.
O-O h6 8. Nbd2 Bh7 9. b4 Ng6 10.
Nb3 Be7 11. Bd3 O-O 12. Re1 b6 13. Be3 Qc7 14. Rc1 c5 15. bxc5 bxc5 16. c4 dxc4 17. Rxc4 Rfd8 18. Qb1 Rab8 19. dxc5 Ndxe5 20. Nxe5 Qxe5 21. Bf4 Qd5 22. Bxb8 Rxb8 23. c6 Rc8 24. c7 Bd6 25. Qc2 Kf8 26. Be4 Qb5 27. Rc1 f5 28. Bc6 Qb6 29.
Bd7 Ne7 30. Bxc8 Nxc8 31. Rc6 Qb4 32. Qc3 Qxc3 33. R1xc3 Ke7 34. Ra6 Kd7 35. Nc5+ 1-0

[Event "*** Titled Tuesday Blitz"]
[Site "Chess.com"]
[Date "2020.04.14"]
[Round "7"]
[White "Bykov_Egor"]
[Black "Fins0905"]
[Result "0-1"]
[WhiteElo "2567"]
[BlackElo "2730"]
[TimeControl "180+1"]
[EndTime "11:14:15 PDT"]
[Termination "Fins0905 won by resignation"]

1. d4 d5 2. c4 c6 3. Nf3 Nf6 4. e3 Bf5 5. Nc3 e6 6. Nh4 Be4 7. f3 Bg6 8. Qb3 Qc7 9. Bd2 Be7 10. Nxg6 hxg6 11. O-O-O dxc4 12. Bxc4 b5 13. Be2 a6 14. Kb1 c5 15. dxc5 Nbd7 16. Rc1 Nxc5 17. Qc2 O-O 18. e4 Qb7 19. Be3 Rac8 20. e5 Nfd7 21. f4 b4 22. Na4 b3 23. Qc4 Qxg2 24. Nxc5 Bxc5 25. Bxc5 Rxc5 26.
Qxa6 bxa2+ 27. Ka1 Rxc1+ 28. Rxc1 Nc5 29. Rxc5 Qg1+ 30.
Bf1 Qxc5 31. Kxa2 Rb8 32. Qe2 Qd4 33. f5 gxf5 34. Bg2 Qb4 35. Qc2 g6 36. Bf3 Kg7 37.
h3 Qa5+ 38. Kb1 Qxe5 39. Qd2 Qf6 40. Bd1 e5 41. Bc2 e4 42. Ba4 e3 0-1

[Event "*** Titled Tuesday Blitz"]
[Site "Chess.com"]
[Date "2020.04.14"]
[Round "7"]
[White "Nafania1"]
[Black "StegariuVlad"]
[Result "0-1"]
[WhiteElo "2371"]
[BlackElo "2581"]
[TimeControl "180+1"]
[EndTime "11:14:15 PDT"]
[Termination "StegariuVlad won by resignation"]

1. e4 e5 2. Nf3 Nc6 3. Bb5 a6 4. Ba4 Nf6 5. O-O Be7 6. Re1 b5 7. Bb3 d6 8. c3 Nb8 9. d4 Nbd7 10. Bxf7+ Kxf7 11. Ng5+ Kg6 12. f4 exf4 13. Ne6 Qg8 14. Nxf4+ Kf7 15. e5 g5 16. exf6 Nxf6 17. Qb3+ Kf8 18.
Ne6+ Bxe6 19. Rxe6 Re8 20. Nd2 Bd8 21. Rxe8+ Nxe8 22.
Nf3 g4 23. Qxg8+ Rxg8 24. Bh6+ Kf7 25. Nd2 d5 26. Rf1+ Bf6 27. Bf4 c6 28. a4 Ke6 29.
axb5 axb5 30. Ra1 Bg5 31. Bxg5 Rxg5 32. Ra7 Rg7 33. Ra8 Nd6 34. Ra6 Rc7 35. Nb3 Ne4 36. Ra8 Rf7 37. Ra6 Kd6 38. Na5 Rc7 39. Nb3 h5 40. h3 g3 41. Kf1 Rf7+ 42. Ke1 Rf2 43. Na5 Rxg2 44. Rxc6+ Kd7 45. Rg6 Rxb2 46. Kf1 h4 47.
Nb7 Nd2+ 48. Kg2 Ne4+ 49. Kg1 Nf2 50. Nc5+ Ke7 51. Re6+ Kf7 52. Kg2 Nd3+ 53. Kg1 Nxc5 0-1

[Event "*** Titled Tuesday Blitz"]
[Site "Chess.com"]
[Date "2020.04.14"]
[Round "7"]
[White "Eltaj_Safarli"]
[Black "okriak"]
[Result "0-1"]
[WhiteElo "3045"]
[BlackElo "2816"]
[TimeControl "180+1"]
[EndTime "11:14:16 PDT"]
[Termination "okriak won by resignation"]

1. e4 e5 2. Nf3 Nc6 3. Bb5 a6 4. Ba4 Nf6 5. Nc3 d6 6. Bxc6+ bxc6 7. d4 exd4 8. Qxd4 c5 9. Qd3 Be7 10. O-O O-O 11. h3 a5 12. Re1 Ba6 13. Qd1 Nd7 14.
Nd5 Bf6 15. Rb1 a4 16. b3 axb3 17. axb3 Re8 18. Bf4 Bb7 19. Nxf6+ Qxf6 20. Qd2 Bxe4 21. Ng5 Bc6 22. Qd3 Qg6 23. Qxg6 hxg6 24. h4 f6 25. Ne6 Ra7 26. Bg3 Kf7 27. Nf4 Ne5 28.
Re3 Ra2 29. c4 Rea8 30. f3 Rc2 31. Re2 Rxe2 32. Nxe2 Rb8 33. Nc3 Nd3 34. Kf1 Nb4 35. Ke2 Nc2 36. Bf2 Nd4+ 37. Bxd4 cxd4 38. Nd1 Bd7 39.
Nf2 c5 40. Ne4 Ke7 41. g4 f5 42.
gxf5 Bxf5 43. Kd3 Ke6 44. Kc2 d5 45. cxd5+ Kxd5 46. Kd3 Rxb3+ 47. Rxb3 c4+ 48. Kd2 cxb3 0-1

[Event "*** Titled Tuesday Blitz"]
[Site "Chess.com"]
[Date "2020.04.14"]
[Round "7"]
[White "silverback96"]
[Black "arctic_t00"]
[Result "1-0"]
[WhiteElo "2243"]
[BlackElo "2478"]
[TimeControl "180+1"]
[EndTime "11:14:16 PDT"]
[Termination "silverback96 won by resignation"]

1. d4 Nf6 2. c4 g6 3. g3 Bg7 4.
Bg2 O-O 5. Nc3 d6 6. Nf3 Nc6 7. O-O Bf5 8. Bg5 h6 9. Bxf6 Bxf6 10. d5 Na5 11. Nd2 c5 12. e4 Bd7 13. Qe2 a6 14. f4 Bd4+ 15. Kh1 Rb8 16. Nf3 Bg7 17. e5 Bg4 18. h3 Bxf3 19. Bxf3 b5 20. cxb5 axb5 21.
Nxb5 Qd7 22. a4 Qxh3+ 23. Kg1 Qxg3+ 24. Bg2 dxe5 25. Rf3 Qh4 26. fxe5 Qc4 27. Qe1 Nb3 28. Ra3 Nd4 29. Nxd4 Qxd4+ 30. Rf2 Rxb2 31. a5 Bxe5 32.
a6 Bg3 33. Rxg3 Rxf2 34. Qxf2 Qa1+ 35. Qf1 Qd4+ 36. Kh1 c4 37. Qc1 Rc8 38. Qxh6 c3 39. Rh3 c2 40. Qh7+ Kf8 41. Qh8+ 1-0

[Event "*** Titled Tuesday Blitz"]
[Site "Chess.com"]
[Date "2020.04.14"]
[Round "7"]
[White "mattcolins2025"]
[Black "karinachess1"]
[Result "0-1"]
[WhiteElo "2310"]
[BlackElo "2489"]
[TimeControl "180+1"]
[EndTime "11:14:16 PDT"]
[Termination "karinachess1 won by checkmate"]

1. d4 Nf6 2. c4 d6 3. Nc3 e5 4.
Nf3 e4 5. Ng5 Qe7 6. g3 h6 7.
Nh3 Bf5 8. Bg2 g5 9. Qc2 Bg7 10.
O-O Nc6 11. Be3 O-O 12. Rfd1 Qd7 13. Nxg5 hxg5 14. Bxg5 e3 15. Qc1 exf2+ 16. Kxf2 Ng4+ 17. Kg1 Bxd4+ 18. e3 Bg7 19. h3 Nge5 20. e4 Bxh3 21. Nd5 Qg4 22. Qe3 Nxc4 23. Qc1 Qxg3 24. Nf4 Qxg5 25.
Qxc4 Qxf4 26. Bxh3 Qg3+ 27. Bg2 Ne5 28. Qe2 Ng4 29.
Rd3 Qh2+ 30. Kf1 Qf4+ 31. Kg1 c5 32. Bh3 Bd4+ 33. Rxd4 Qg3+ 34. Kh1 Qxh3+ 35. Kg1 Qg3+ 36. Kh1 Nf2+ 37. Qxf2 Qxf2 38. Rd3 Qh4+ 39. Kg2 f6 40.
Rg1 Kf7 41. Rxd6 Qxe4+ 42. Kh3 Rh8+ 43. Kg3 Rag8+ 44. Kf2 Rh2+ 45. Kf1 Qe2# 0-1

[Event "*** Titled Tuesday Blitz"]
[Site "Chess.com"]
[Date "2020.04.14"]
[Round "7"]
[White "mathapples"]
[Black "MikeSailer"]
[Result "1-0"]
[WhiteElo "2334"]
[BlackElo "2118"]
[TimeControl "180+1"]
[EndTime "11:14:16 PDT"]
[Termination "mathapples won on time"]

1. d4 d5 2. c4 Bf5 3. cxd5 Bxb1 4. Qa4+ Qd7 5. Qxd7+ Nxd7 6. Rxb1 Ngf6 7. g3 Nxd5 8.
Bg2 N7f6 9. Bg5 O-O-O 10. e4 Nb4 11. Ne2 Nc2+ 12. Kd2 Nxd4 13. Nxd4 Rxd4+ 14. Ke3 e5 15. Bxf6 gxf6 16. Rhd1 Bc5 17. Rxd4 Bxd4+ 18. Ke2 h5 19. f4 h4 20. Kf3 hxg3 21. hxg3 Kd7 22. Rd1 c5 23. Rd3 Kc6 24. b3 b5 25. Rd1 c4 26.
Rc1 c3 27. Rc2 Kc5 28. a3 a5 29. Bf1 Rh1 30. Bd3 Ra1 31. a4 bxa4 32. Bc4 axb3 33.
Bxb3 Rb1 34. Bxf7 Rb2 35. Rc1 a4 36. f5 a3 37. g4 a2 38. g5 Kb4 39. g6 Rf2+ 40. Kg3 c2 41. Bxa2 Kc3 42. g7 1-0

[Event "*** Titled Tuesday Blitz"]
[Site "Chess.com"]
[Date "2020.04.14"]
[Round "7"]
[White "Boudicca64"]
[Black "hongnhung1234"]
[Result "0-1"]
[WhiteElo "1979"]
[BlackElo "2134"]
[TimeControl "180+1"]
[EndTime "11:14:16 PDT"]
[Termination "hongnhung1234 won on time"]

1. e4 c5 2. g3 e6 3. Bg2 Nc6 4.
c3 d6 5. Ne2 Nge7 6. O-O g6 7. d4 cxd4 8. cxd4 Bg7 9. Nbc3 O-O 10. Be3 b6 11. f4 Bb7 12. Qd2 f5 13. d5 Na5 14. dxe6 Nc4 15. Qd3 Nxe3 16. Qxe3 fxe4 17. Bxe4 d5 18. Rad1 Qd6 19. Bg2 Nf5 20. Qd3 Qxe6 21. Nxd5 Qf7 22. Nec3 Rad8 23. Qc4 Kh8 24. Qc7 Bxd5 25.
Nxd5 Bd4+ 26. Rxd4 Qxc7 27. Nxc7 Nxd4 28. Nd5 Kg7 29. Rd1 Nf5 30. g4 Ne7 31. Re1 Nxd5 32. Bxd5 Rxd5 33. Re7+ Rf7 34. f5 Rxe7 35. f6+ Kxf6 0-1

[Event "*** Titled Tuesday Blitz"]
[Site "Chess.com"]
[Date "2020.04.14"]
[Round "7"]
[White "SahajGrover"]
[Black "Nbk90"]
[Result "1-0"]
[WhiteElo "2697"]
[BlackElo "2524"]
[TimeControl "180+1"]
[EndTime "11:14:17 PDT"]
[Termination "SahajGrover won on time"]

1. d4 Nf6 2. c4 g6 3. Nc3 Bg7 4. e4 O-O 5. f3 d6 6. Nge2 a6 7. Be3 Nbd7 8. Qd2 b5 9. h4 Re8 10. h5 e5 11. d5 bxc4 12. g4 Nc5 13. Ng3 Rb8 14. Bxc4 Rb4 15. b3 a5 16. Bh6 Bh8 17.
hxg6 fxg6 18. Be3 Nfd7 19. Qh2 Qe7 20. Kd2 Rxc4 21. bxc4 Nb6 22. Nf5 Bxf5 23. Bxc5 dxc5 24. gxf5 Nxc4+ 25. Kd3 Nd6 26. fxg6 h5 27. Qxh5 Bg7 28. Qg4 Qf6 29. Rh3 Kf8 30. Rah1 Rb8 31. Rh7 Rb2 32.
Rxg7 c4+ 33. Ke3 Qxg7 34. Rh7 1-0

[Event "*** Titled Tuesday Blitz"]
[Site "Chess.com"]
[Date "2020.04.14"]
[Round "7"]
[White "Bagirova"]
[Black "NormWeinstein"]
[Result "0-1"]
[WhiteElo "2204"]
[BlackElo "2358"]
[TimeControl "180+1"]
[EndTime "11:14:17 PDT"]
[Termination "NormWeinstein won by checkmate"]

1. e4 c5 2. Nf3 d6 3. d4 Nf6 4. Bd3 cxd4 5. Nxd4 Nc6 6. Nxc6 bxc6 7. O-O e6 8. Nc3 Be7 9. Be3 O-O 10. h3 d5 11. exd5 cxd5 12. Ne2 a5 13. c3 Ba6 14. Bc2 Rb8 15. Re1 Rxb2 16. Nd4 Rb7 17. Nc6 Qd6 18. Nxe7+ Qxe7 19. Bd4 Nd7 20. f4 Qh4 21. Qf3 g6 22. Bf2 Qe7 23. h4 Nf6 24. Bd4 Ne4 25. Bxe4 dxe4 26. Qxe4 Bc4 27. h5 Bd5 28. Qe5 f6 29.
Qxd5 exd5 30. Rxe7 Rxe7 31. Bc5 Rfe8 32. Bxe7 Rxe7 33. hxg6 hxg6 34. Rd1 Rd7 35. c4 d4 36.
Kf2 Kf7 37. Kf3 Ke6 38. Re1+ Kd6 39. Rd1 Kc5 40. Ke4 Re7+ 41. Kd3 Re3+ 42. Kd2 Ra3 43.
Rb1 Rxa2+ 44. Kd3 Ra3+ 45. Ke4 Re3# 0-1

[Event "*** Titled Tuesday Blitz"]
[Site "Chess.com"]
[Date "2020.04.14"]
[Round "7"]
[White "ChocolateRoses"]
[Black "BelaKis"]
[Result "1/2-1/2"]
[WhiteElo "2283"]
[BlackElo "2094"]
[TimeControl "180+1"]
[EndTime "11:14:19 PDT"]
[Termination "Game drawn by repetition"]

1. Nf3 g6 2. g3 Bg7 3. d4 Nf6 4. Bg2 O-O 5. O-O d6 6. a4 Nbd7 7. a5 c5 8. Nc3 Rb8 9. e4 cxd4 10.
Nxd4 Ne5 11. h3 Bd7 12. a6 b5 13. Nd5 Nc6 14. Be3 Nxd5 15. exd5 Nxd4 16. Bxd4 Bxd4 17. Qxd4 Qb6 18. Qd2 Rfe8 19. Rfe1 b4 20. h4 Bb5 21. h5 Bxa6 22. hxg6 hxg6 23. Re4 Kg7 24. Rae1 Rb7 25. Rh4 Rh8 26. Rxh8 Kxh8 27. Qh6+ Kg8 28. Re4 Qa5 29. Rh4 Qa1+ 30. Kh2 Qxb2 31.
Qh7+ Kf8 32. Rf4 Qg7 33. Qh4 b3 34. cxb3 Rxb3 35. Ra4 Rb6 36. Re4 Qf6 37. Qh6+ Qg7 38.
Qh4 Qf6 39. Qh6+ Qg7 40. Qh4 1/2-1/2

[Event "*** Titled Tuesday Blitz"]
[Site "Chess.com"]
[Date "2020.04.14"]
[Round "7"]
[White "AlessiaSanteramo"]
[Black "norwaytoadog"]
[Result "1-0"]
[WhiteElo "2065"]
[BlackElo "2213"]
[TimeControl "180+1"]
[EndTime "11:14:19 PDT"]
[Termination "AlessiaSanteramo won on time"]

1. e4 e5 2. Nf3 Nc6 3. Bb5 a6 4. Ba4 Nf6 5. O-O Be7 6. Re1 b5 7. Bb3 d6 8. c3 O-O 9. d4 Bg4 10. d5 Na5 11. Bc2 c6 12. h3 Bd7 13.
Nxe5 dxe5 14. d6 Bxd6 15. Qxd6 Nc4 16. Qd3 Qc8 17. b3 Na5 18. Ba3 Re8 19. Qg3 c5 20. Bc1 Qc6 21. Nd2 Rad8 22. Nf1 b4 23. Ne3 bxc3 24.
Nf5 Bxf5 25. exf5 Rd4 26. Qxc3 Nb7 27. Be3 Ne4 28. Bxe4 Rxe4 29. a3 Nd6 30. f6 c4 31.
fxg7 Nf5 32. Rac1 Qg6 33. Kh2 Nh4 34. Rg1 f5 35. f3 f4 36. fxe4 Qg3+ 37. Kh1 Nf3 38.
Qxc4+ Kxg7 39. gxf3 1-0

[Event "*** Titled Tuesday Blitz"]
[Site "Chess.com"]
[Date "2020.04.14"]
[Round "7"]
[White "powermove"]
[Black "mirochka"]
[Result "0-1"]
[WhiteElo "1504"]
[BlackElo "2199"]
[TimeControl "180+1"]
[EndTime "11:14:19 PDT"]
[Termination "mirochka won by resignation"]

1. Nf3 d5 2. c4 d4 3. e3 c5 4. exd4 cxd4 5. d3 g6 6. g3 Bg7 7. Bg2 Nf6 8. O-O O-O 9. b4 Nfd7 10. Bb2 a5 11. Bxd4 Bxd4 12. Nxd4 axb4 13. a3 Nc5 14. Nb5 Qxd3 15. Qxd3 Nxd3 16. Rd1 Ne5 17. c5 Nbc6 18.
f4 Nc4 19. Bd5 Ne3 20. Rd3 Nxd5 21. Rxd5 Be6 22. Rd1 Bc4 23. Nc7 Rad8 24. Rc1 b3 25. Rxc4 b2 26. Ra2 Rd1+ 27. Kf2 Rxb1 28. Rc2 Rc8 29. Nd5 Rd8 30. Nc3 Rh1 31. Rcxb2 Rxh2+ 32. Kf3 Rxb2 33. Rxb2 Rd3+ 34. Kg4 Rxc3 35. Rxb7 Rxc5 36.
Rc7 Ne5+ 37. fxe5 Rxc7 38. a4 Ra7 39. Kf4 Rxa4+ 0-1

[Event "*** Titled Tuesday Blitz"]
[Site "Chess.com"]
[Date "2020.04.14"]
[Round "7"]
[White "RuperezA"]
[Black "LogoCzar"]
[Result "1-0"]
[WhiteElo "2294"]
[BlackElo "2429"]
[TimeControl "180+1"]
[EndTime "11:14:20 PDT"]
[Termination "RuperezA won by checkmate"]

1. e4 e5 2. Nf3 Nc6 3. Bc4 Nf6 4. d3 Bc5 5. O-O a6 6. c3 d6 7. Bb3 Ba7 8. Nbd2 h6 9. Re1 g5 10. Nf1 g4 11. N3d2 g3 12. Nxg3 Ng4 13. Rf1 Qh4 14.
Nf3 Qf6 15. h3 h5 16. Bg5 Qg6 17. Bh4 f5 18. exf5 Bxf5 19. d4 e4 20. Nxf5 Qxf5 21. Ng5 Nf6 22. Ne6 Kd7 23. Qe2 Rag8 24. Bxf6 Qxh3 25. Ng5 Qh4 26. Bxh8 Qxg5 27. Qxe4 Rxh8 28. Be6+ Kd8 29. Rae1 Re8 30. Qh7 Re7 31. Qh8+ Re8 32. Qh7 Re7 33. Qf5 Qd2 34. Qf8+ Re8 35. Qf6+ Ne7 36.
Bf7 Qxb2 37. Bxe8 c6 38. Qxe7+ Kc8 39. Qd7+ Kb8 40. Qd8# 1-0

[Event "*** Titled Tuesday Blitz"]
[Site "Chess.com"]
[Date "2020.04.14"]
[Round "7"]
[White "Rinas_Oleg"]
[Black "CMS13"]
[Result "0-1"]
[WhiteElo "2248"]
[BlackElo "2135"]
[TimeControl "180+1"]
[EndTime "11:14:20 PDT"]
[Termination "CMS13 won by resignation"]

1. e4 e5 2. Nf3 Nc6 3. Bb5 Bc5 4. c3 Qf6 5. Bxc6 Qxc6 6. O-O d6 7. d4 exd4 8. cxd4 Bb6 9. d5 Qd7 10. e5 Ne7 11. e6 fxe6 12. dxe6 Qxe6 13. Re1 Qf7 14.
Bg5 Be6 15. Qe2 h6 16. Bxe7 Kxe7 17. Nc3 Rae8 18. Nd5+ Kd8 19. Nxb6 axb6 20. Qc2 Bd5 21. Nd4 Rhf8 22. f3 Qf6 23. Qc3 Rxe1+ 24. Rxe1 Re8 25. Rxe8+ Kxe8 26. a4 c5 27. Nb5 Qxc3 28. Nxc3 Bb3 29.
Kf2 d5 30. Nb5 Kd7 31. Ke3 Bxa4 32. Na3 d4+ 33. Ke4 Bc6+ 34. Kd3 b5 35. Kd2 c4 36.
Nc2 d3 37. Nb4 Kd6 38. Kc3 Kc5 39. Na2 Bd5 40. Nb4 d2 41. Kxd2 Kxb4 42. Ke3 Kb3 43. Kd4 Bc6 44. Kc5 Kxb2 45. Kb4 c3 0-1

[Event "*** Titled Tuesday Blitz"]
[Site "Chess.com"]
[Date "2020.04.14"]
[Round "7"]
[White "Bulldog167"]
[Black "igorkovalenko"]
[Result "0-1"]
[WhiteElo "2756"]
[BlackElo "2911"]
[TimeControl "180+1"]
[EndTime "11:14:21 PDT"]
[Termination "igorkovalenko won by checkmate"]

1. d4 Nf6 2. c4 g6 3. Nc3 Bg7 4. e4 d6 5. h3 O-O 6. Be3 c5 7. Nf3 cxd4 8. Nxd4 Nc6 9. Be2 Qb6 10. Nb3 Qc7 11.
Rc1 b6 12. O-O Nd7 13. Qd2 Nc5 14. Nd4 Bb7 15. Nxc6 Qxc6 16. f3 Rad8 17. Rfd1 h5 18. Bd4 Bxd4+ 19. Qxd4 e5 20. Qe3 Kg7 21. Nd5 Ne6 22.
b3 Qc5 23. Kf2 f5 24. exf5 gxf5 25. b4 Qxe3+ 26. Nxe3 f4 27. Nc2 Kf6 28. Rd2 Ke7 29. Rcd1 Rf6 30. Bd3 h4 31. a4 Bc6 32. Ra1 Rb8 33.
a5 b5 34. Rad1 bxc4 35. Bxc4 Nc7 36. Re1 Kf8 37. Red1 Bb5 38. Ba2 Ba4 39. Rxd6 Rxd6 40. Rxd6 Bxc2 41. Rc6 Bd3 42. Rxc7 Rxb4 43. Be6 Rb1 44.
g4 hxg3+ 45. Kg2 Bf1+ 46. Kg1 Bxh3+ 47. Rc1 Rxc1# 0-1

[Event "*** Titled Tuesday Blitz"]
[Site "Chess.com"]
[Date "2020.04.14"]
[Round "7"]
[White "GMBenjaminBok"]
[Black "AlleyOoper"]
[Result "0-1"]
[WhiteElo "2836"]
[BlackElo "2613"]
[TimeControl "180+1"]
[EndTime "11:14:21 PDT"]
[Termination "AlleyOoper won by resignation"]

1. c4 b6 2. g3 Bb7 3. Nf3 g6 4. Bg2 Bg7 5. d4 Nf6 6. O-O O-O 7. d5 Na6 8. Nc3 Nc5 9. Nd4 e5 10. Nb3 Nxb3 11. axb3 d6 12. b4 Nd7 13. e4 a6 14. Be3 Qe7 15. Qd3 Rae8 16. Bh3 f5 17.
f3 f4 18. Bf2 Nf6 19. c5 fxg3 20.
hxg3 Nh5 21. c6 Bc8 22. Bxc8 Rxc8 23. Rxa6 Qg5 24. Ne2 Bh6 25. Ra7 Rf7 26. Rfa1 Rff8 27. Rb7 Rf7 28. Rba7 Rff8 29. Kg2 Nf4+ 30. Nxf4 exf4 31.
g4 Bg7 32. Rb7 h5 33. Raa7 hxg4 34. Rxc7 gxf3+ 35. Kxf3 Qh5+ 36. Kg2 f3+ 37. Kg1 Rxc7 38. Rxc7 Be5 39. Re7 Qh2+ 40. Kf1 Qh1+ 41. Bg1 f2 0-1

[Event "*** Titled Tuesday Blitz"]
[Site "Chess.com"]
[Date "2020.04.14"]
[Round "7"]
[White "CarlosAlbornoz"]
[Black "Sam_ChessMood"]
[Result "0-1"]
[WhiteElo "2713"]
[BlackElo "2908"]
[TimeControl "180+1"]
[EndTime "11:14:22 PDT"]
[Termination "Sam_ChessMood won by resignation"]

1. e4 c5 2. Nf3 d6 3. d4 cxd4 4. Nxd4 Nf6 5. Nc3 a6 6. h4 e5 7. Nb3 Be6 8. f4 Be7 9. f5 Bd7 10. g4 Bc6 11. Bg2 h5 12. g5 Ng4 13. Bf3 a5 14. a4 Na6 15. Bxg4 hxg4 16. Qxg4 Nb4 17.
Rh2 Qb6 18. Qg3 Rc8 19. Be3 Nxc2+ 20. Rxc2 Qxb3 21. Rd2 f6 22. gxf6 gxf6 23. Kf2 Rg8 24. Qf3 Qf7 25. h5 Rh8 26. h6 Bf8 27. Rh1 Rd8 28.
Qh5 Qxh5 29. Rxh5 Rh7 30. Rd1 Kf7 31. b3 Rc8 32. Nd5 Bxd5 33. Rxd5 Rc2+ 34. Kf3 Rc3 35.
Rb5 Rxh6 36. Rxb7+ Kg8 37. Rxh6 Bxh6 38. Rb8+ Kf7 39.
Rb7+ Ke8 40. Kg4 Bxe3 41. Kh5 Bg5 42. Kg6 Kd8 43. Kf7 Rc7+ 44. Rxc7 Kxc7 0-1

[Event "*** Titled Tuesday Blitz"]
[Site "Chess.com"]
[Date "2020.04.14"]
[Round "7"]
[White "iulik86"]
[Black "ftorodent"]
[Result "1-0"]
[WhiteElo "2533"]
[BlackElo "2633"]
[TimeControl "180+1"]
[EndTime "11:14:22 PDT"]
[Termination "iulik86 won by resignation"]

1. d4 d5 2. c4 e6 3. Nf3 Nf6 4. Nc3 Be7 5. Bf4 O-O 6. e3 Nbd7 7. c5 c6 8. h3 b6 9. b4 a5 10. a3 Bb7 11. Bd3 Qc8 12. O-O Ba6 13. Qe2 Qb7 14. Rfb1 Bxd3 15. Qxd3 axb4 16. axb4 Rxa1 17. Rxa1 Ra8 18.
Rxa8+ Qxa8 19. Qc2 h6 20. Qb2 bxc5 21. bxc5 Bd8 22. Ne5 Nxe5 23. Bxe5 Nd7 24. Bd6 Qa6 25. g3 f6 26. Qc2 Kf7 27. Ne2 e5 28. dxe5 Nxe5 29.
Nd4 Qc8 30. Kg2 Nc4 31. Qa4 Nxd6 32. cxd6 c5 33. d7 Qb7 34. Nc6 Qc7 35. Qa8 Qxd7 36.
Nxd8+ Ke7 37. Nc6+ Kd6 38. Na5 Qb5 39. Qd8+ Ke6 40.
Qc7 d4 41. exd4 cxd4 42. Qc4+ Qxc4 43. Nxc4 Kd5 44. Nd2 d3 45. Kf3 Kd4 46. h4 f5 47.
h5 1-0

[Event "*** Titled Tuesday Blitz"]
[Site "Chess.com"]
[Date "2020.04.14"]
[Round "7"]
[White "FILI86"]
[Black "2nd_life"]
[Result "1-0"]
[WhiteElo "2593"]
[BlackElo "2415"]
[TimeControl "180+1"]
[EndTime "11:14:22 PDT"]
[Termination "FILI86 won on time"]

1. Nf3 Nf6 2. d4 e6 3. g3 b5 4. Bg2 Bb7 5. O-O c5 6. c3 a6 7.
a4 cxd4 8. cxd4 Be7 9. Nbd2 O-O 10. Nb3 Bd5 11. Bd2 bxa4 12. Rxa4 Qb6 13. Nc5 Bxc5 14. dxc5 Qxc5 15. Bb4 Qb6 16. Bxf8 Kxf8 17. Qd4 Qc7 18. Ne5 Nc6 19. Nxc6 Bxg2 20. Kxg2 Qxc6+ 21. f3 Rb8 22. Rb4 Rc8 23. Rb6 Qc2 24. Rf2 a5 25. e4 Qc7 26.
Qd6+ Qxd6 27. Rxd6 Rb8 28. Ra6 Rb5 29. Rc2 Ke7 30.
Ra7 g5 31. g4 h5 32. h3 hxg4 33. hxg4 Ne8 34. Rd2 Nf6 35. Kf2 e5 36. Ke2 Ke6 37.
Ra6+ Ke7 38. Kd1 d5 39. Ra7+ Ke6 40. Ra6+ Ke7 41. exd5 Nxd5 42. Kc1 f6 43. Rh2 Rc5+ 44. Kb1 Kf7 45. Rh7+ 1-0

[Event "*** Titled Tuesday Blitz"]
[Site "Chess.com"]
[Date "2020.04.14"]
[Round "7"]
[White "Zurability"]
[Black "Jospem"]
[Result "0-1"]
[WhiteElo "2728"]
[BlackElo "2903"]
[TimeControl "180+1"]
[EndTime "11:14:23 PDT"]
[Termination "Jospem won by checkmate"]

1. d4 Nf6 2. Nf3 e6 3. c4 Bb4+ 4. Nbd2 O-O 5. g3 b6 6. Bg2 Bb7 7. O-O a5 8. Qc2 Bxd2 9. Bxd2 Be4 10. Qa4 d6 11. Rfe1 Qd7 12. Qa3 b5 13. cxb5 Qxb5 14. Rac1 Nc6 15. e3 Rfb8 16. Bc3 Nb4 17. Bf1 Qb7 18.
Nd2 Nc2 19. Rxc2 Bxc2 20. Bg2 d5 21. Rc1 Bf5 22. Nb3 a4 23. Nc5 Qb5 24. Bf1 Qe8 25. Bb4 Rb6 26. Qc3 Ne4 27. Nxe4 Bxe4 28. a3 c6 29. Qc5 Rbb8 30. Qd6 Rd8 31. Qc7 Rdc8 32.
Qb6 Qd8 33. Qc5 Qf6 34. Be2 Qf5 35. f3 Bd3 36. g4 Qg6 37. Kf2 Bxe2 38. Kxe2 h5 39. h3 hxg4 40. hxg4 Qh7 41. Rc2 Qh1 42.
Qd6 Qg2+ 43. Kd3 Qxf3 44. Qe5 Qxg4 45. Rf2 f6 46. Qd6 Re8 47. Qxc6 Rac8 48. Qxa4 Qg1 49. Re2 Qb1+ 50. Rc2 g5 51. Bc3 Qd1+ 52. Bd2 Qf1# 0-1

[Event "*** Titled Tuesday Blitz"]
[Site "Chess.com"]
[Date "2020.04.14"]
[Round "7"]
[White "AliKa2810"]
[Black "yudinetz"]
[Result "0-1"]
[WhiteElo "2598"]
[BlackElo "2447"]
[TimeControl "180+1"]
[EndTime "11:14:23 PDT"]
[Termination "yudinetz won by resignation"]

1. d4 Nf6 2. c4 e6 3. Nf3 b6 4. a3 Bb7 5. Nc3 Ne4 6. Nxe4 Bxe4 7.
Bf4 Be7 8. e3 d6 9. Bd3 Bxd3 10.
Qxd3 Nd7 11. O-O O-O 12. e4 c6 13. Rfe1 Re8 14. h4 h6 15. h5 Nf6 16. e5 Nxh5 17.
Bh2 dxe5 18. Nxe5 Rc8 19. Nxf7 Kxf7 20. Qh3 Nf6 21. Qxe6+ Kf8 22. Rad1 Bxa3 23. Qf5 Rxe1+ 24. Rxe1 Bxb2 25. Re6 Qxd4 26. Rd6 Re8 27. Bf4 Qe4 28.
Qxe4 Rxe4 29. Be3 Rxc4 30. Rd8+ Kf7 31. Ra8 Nd5 32. Rxa7+ Ke6 33. Rb7 b5 34. Ba7 b4 35.
f3 Bd4+ 36. Bxd4 Rxd4 37. Kf2 Rd2+ 38. Kg3 Rb2 39. Rxg7 b3 40. Rg6+ Kd7 41. Rxh6 Rb1 42. Rh7+ Kd6 43. Rb7 b2 44. f4 Kc5 45. f5 Nb6 46. f6 Rf1 47. f7 b1=Q 48. Re7 Qg6+ 49.
Kh2 Qh5+ 50. Kg3 Qg5+ 51. Kh2 0-1

[Event "*** Titled Tuesday Blitz"]
[Site "Chess.com"]
[Date "2020.04.14"]
[Round "7"]
[White "The_Machine04"]
[Black "TST2014"]
[Result "1-0"]
[WhiteElo "2387"]
[BlackElo "2524"]
[TimeControl "180+1"]
[EndTime "11:14:23 PDT"]
[Termination "The_Machine04 won on time"]

1. d4 Nf6 2. Bg5 d5 3. e3 Nbd7 4. Nf3 c6 5. c3 Qc7 6. Bf4 Qb6 7. Qb3 g6 8. Nbd2 Bg7 9. Bd3 O-O 10. Ne5 Nxe5 11. Bxe5 Bh6 12. h4 Ng4 13. Bf4 Bxf4 14. exf4 Qc7 15. g3 h5 16. f3 Ne3 17. Kf2 Nf5 18. Rae1 c5 19. Bxf5 Bxf5 20. dxc5 Qxc5+ 21. Kg2 b5 22. Re5 e6 23. Qd1 b4 24. Nb3 Qc4 25.
cxb4 Bc2 26. Qd2 Bxb3 27. axb3 Qxb3 28. f5 Rfc8 29. Rc1 exf5 30. Rxc8+ Rxc8 31. Qxd5 1-0

[Event "*** Titled Tuesday Blitz"]
[Site "Chess.com"]
[Date "2020.04.14"]
[Round "7"]
[White "TV27"]
[Black "Barbus89"]
[Result "1-0"]
[WhiteElo "2091"]
[BlackElo "2300"]
[TimeControl "180+1"]
[EndTime "11:14:23 PDT"]
[Termination "TV27 won on time"]

1. c4 Nf6 2. Nc3 d5 3. cxd5 Nxd5 4. g3 g6 5. Bg2 Nxc3 6. bxc3 Bg7 7. Nf3 O-O 8. O-O c5 9. Rb1 Nc6 10. c4 Qa5 11.
Qb3 Bg4 12. Bb2 Bxb2 13. Qxb2 Bxf3 14. Bxf3 Nd4 15. Kg2 Nxf3 16. Kxf3 b6 17. Kg2 Rfd8 18. d3 Rd6 19. f4 Rad8 20. f5 Qa4 21. Rf3 Qc6 22.
Rf1 gxf5 23. Kg1 e6 24. Qf6 Rd4 25. Qg5+ Kf8 26. Qh6+ Ke7 27. Rxf5 Rf8 28. Qg5+ Ke8 29. R5f3 Qd7 30. Qh6 f5 31. Re3 Qf7 32. Rxe6+ Kd7 33. Re5 f4 34. Qh3+ Kc7 35. gxf4 Rg8+ 36. Kh1 Qg7 37. Qg3 Qxg3 38. hxg3 Rxg3 39. Re7+ Rd7 40. Rxd7+ Kxd7 41. Rg1 1-0

[Event "*** Titled Tuesday Blitz"]
[Site "Chess.com"]
[Date "2020.04.14"]
[Round "7"]
[White "Tesla37"]
[Black "lachesisQ"]
[Result "0-1"]
[WhiteElo "2890"]
[BlackElo "3093"]
[TimeControl "180+1"]
[EndTime "11:14:24 PDT"]
[Termination "lachesisQ won by resignation"]

1. e4 c5 2. Nf3 d6 3. Nc3 a6 4. d4 cxd4 5. Nxd4 Nf6 6. g3 e5 7. Nde2 Be7 8. Bg2 b5 9. O-O O-O 10. h3 Nbd7 11. g4 b4 12. Nd5 Nxd5 13. exd5 a5 14. Ng3 Nc5 15. Be3 Qc7 16. a3 Bd7 17.
axb4 axb4 18. Qd2 b3 19. c4 Rfc8 20. Rfc1 Bf8 21. Qc3 Na4 22. Qd2 Nc5 23. Qc3 Rxa1 24. Rxa1 Na4 25. Qxb3 Rb8 26. Qa3 Nxb2 27. Rc1 Nxc4 28.
Qa2 Rb4 29. Bf1 Bb5 30. Bd2 Ra4 31. Qb3 Nxd2 32. Rxc7 Nxb3 33. Bxb5 Rf4 34. Be8 g6 35. Ne2 Rf6 36. Ng3 Nd4 37. Kg2 Rf4 38. Nf1 Bh6 39.
Nd2 Bg5 40. Nc4 Bh4 41. Nxd6 Rxf2+ 42. Kh1 Nf3 43. Bxf7+ Kf8 0-1